 Dungeon Crawl Stone Soup version 0.16.1-51-g6203257 (webtiles) character file.

2036248 Miyamura the Halfling Catapult (level 27, 180/180 HPs)
             Began as a Halfling Berserker on July 31, 2015.
             Was the Champion of Trog.
             Escaped with the Orb
             ... and 4 runes on Aug 2, 2015!
             The game lasted 06:47:03 (93099 turns).

Miyamura the Halfling Catapult (HaBe)              Turns: 93099, Time: 06:47:03

Health: 180/180    AC: 34    Str: 18    XL:     27
Magic:  40/40      EV: 43    Int: 12    God:    Trog [******]
Gold:   3932       SH: 15    Dex: 18    Spells: 0 memorised, 26 levels left

rFire  + + .     SeeInvis +     h - +9 greatsling (evade)
rCold  . . .     Clarity  +     l - +4 fire dragon armour
rNeg   + . .     SustAb   .     Z - +3 buckler {rC+}
rPois  +         Gourm    .     n - +2 hat
rElec  +         Spirit   .     R - +2 cloak {MR+}
rCorr  .         Warding  .     y - +3 pair of gauntlets of War {Slay+5}
rMut   .         Stasis   .     z - +2 pair of boots
MR     +++++                    j - amulet of the Four Winds {Clar rN+ MR+++}
Stlth  ++........               L - ring of Shaolin {EV+8}
                                I - ring of Day {rElec rPois SInv}

@: almost entirely resistant to hostile enchantments, unstealthy
A: clumsy 1, frail 1, mutation resistance 1, regeneration 1, wild magic 1,
MP-powered wands 1
a: Burn Spellbooks, Berserk, Trog's Hand, Brothers in Arms, Renounce Religion
0: Orb of Zot
}: 4/15 runes: serpentine, barnacled, slimy, silver


You escaped.
You worshipped Trog.
Trog was exalted by your worship.
You were not hungry.

You visited 11 branches of the dungeon, and saw 62 of its levels.
You visited the Abyss 4 times.
You visited 2 bazaars.
You visited 1 ziggurat, and saw 10 of its levels.
You also visited: Ice Cave.

You collected 7516 gold pieces.
You spent 3419 gold pieces at shops.

Inventory:

Hand weapons
 h - a +9 greatsling of evasion (weapon)
 u - the +12 short sword of Eternal Night {pierce, rC+ rN+}
   (Trog gifted it to you on level 4 of the Orcish Mines)

   It inflicts extra damage upon your enemies.
   It protects you from cold.
   It protects you from negative energy.
 K - the +9 quarterstaff of Valiance {speed, *Rage +Rage rElec MR+ MP+9}
   (You found it on level 4 of the Depths)

   Attacks with this weapon are significantly faster.
   It insulates you from electricity.
   It affects your resistance to hostile enchantments.
   It affects your magic capacity (+9).
   It lets you go berserk.
   It may make you go berserk in combat.
 Q - the +9 demon blade "Esyth" {flame, Str+3}
   (Trog gifted it to you on level 8 of the Lair of Beasts)

   It has been specially enchanted to burn those struck by it, causing extra
   injury to most foes and up to half again as much damage against particularly
   susceptible opponents.
   Big, fiery blades are also staple armaments of hydra-hunters.
   It affects your strength (+3).
Missiles
 a - 6 steel sling bullets
 f - 12 silver sling bullets
 g - 11 sling bullets of flame
 k - 12 poisoned sling bullets
 v - 11 sling bullets of frost
 A - 18 throwing nets
 J - 911 stones (quivered)
Armour
 l - a +4 fire dragon armour (worn)
 n - a +2 hat (worn)
 y - the +3 pair of gauntlets of War (worn) {Slay+5}
   (You found it on level 2 of the Depths)

   It affects your accuracy and damage with ranged weapons and melee attacks
   (+5).
 z - a +2 pair of boots (worn)
 R - a +2 cloak of magic resistance (worn)
 X - the quicksilver dragon armour "Appui" {rPois rC+ MR+ rCorr Dex-2}
   (You took it off a deep elf high priest on level 3 of the Elven Halls)

   It affects your dexterity (-2).
   It protects you from cold.
   It protects you from poison.
   It affects your resistance to hostile enchantments.
   It protects you from acid and corrosion.
 Z - a +3 buckler of cold resistance (worn)
Jewellery
 j - the amulet of the Four Winds (around neck) {Clar rN+ MR+++}
   (You found it on level 7 of a ziggurat)

   [amulet of clarity]

   It provides mental clarity.
   It protects you from negative energy.
   It affects your resistance to hostile enchantments.
 m - the ring "For Thet" {Wiz rPois rF+ rN+ Int+3 Dex-3}
   (You found it on level 5 of the Vaults)

   [ring of wizardry]

   It improves your spell success rate.
   It affects your intelligence (+3).
   It affects your dexterity (-3).
   It protects you from fire.
   It protects you from poison.
   It protects you from negative energy.
 I - the ring of Day (left hand) {rElec rPois SInv}
   (You found it on level 12 of the Dungeon)

   [ring of poison resistance]

   It insulates you from electricity.
   It protects you from poison.
   It enhances your eyesight.
 L - the ring of Shaolin (right hand) {EV+8}
   (You took it off a hell knight on level 2 of the Depths)

   [ring of evasion]

   It affects your evasion (+8).
Magical devices
 p - a wand of teleportation (6)
 t - a wand of hasting (4)
 B - a wand of lightning (9)
 D - a wand of digging (5)
Scrolls
 b - 8 scrolls of remove curse
 d - a scroll of enchant weapon
 s - 3 scrolls of fear
 H - 3 scrolls of summoning
 M - 5 scrolls of recharging
 N - 8 scrolls of fog
 S - a scroll of magic mapping
 V - 3 scrolls of blinking
 W - 9 scrolls of identify
Potions
 e - 10 potions of curing
 i - a potion of haste
 q - 3 potions of flight
 r - 6 potions of restore abilities
 C - 3 potions of cancellation
 F - a potion of resistance
 U - a potion of might
Miscellaneous
 o - a phial of floods
 w - a legendary deck of wonders {Focus, drawn: 1}
 O - a lamp of fire
 P - a stone of tremors
 Y - 2 phantom mirrors
Comestibles
 c - 20 bread rations
 E - 34 fruits


   Skills:
 + Level 20.1 Fighting
 - Level 13.4(19.6) Short Blades
 + Level 18.6(19.4) Long Blades
 O Level 27 Slings
 + Level 21.4 Armour
 + Level 23.1 Dodging
 - Level 10.4 Stealth
 + Level 22.2 Shields
 - Level 15.9 Evocations


You had 26 spell levels left.
You didn't know any spells.

Dungeon Overview and Level Annotations

Branches:
Dungeon (15/15)            Temple (1/1) D:4            Lair (8/8) D:11
 Shoals (5/5) Lair:4        Snake (5/5) Lair:6        Slime (6/6) Lair:8
    Orc (4/4) D:12            Elf (3/3) Orc:3        Vaults (5/5) D:13
  Crypt (0/3) Vaults:2     Depths (5/5) D:15            Zot (5/5) Depths:5

Altars:
Ashenzari
Cheibriados
Dithmenos
Fedhas
Gozag
Kikubaaqudgha
Makhleb
Nemelex Xobeh
Okawaru
Qazlal
Ru
Sif Muna
Trog
Vehumet
Xom
Yredelemnul
Zin
The Shining One
Beogh
Jiyva

Shops:
D:4 ?[   D:5 =   D:7 [   D:9 [*   D:11 ?}   Orc:1 (   Orc:4 }??   Snake:2 !
Vaults:1 (   Vaults:2 %   Depths:1 *   Depths:3 *

Portals:
Hell: Depths:1 Depths:2 Depths:3 Depths:4 Depths:5
Abyss: Depths:1 Depths:2 Depths:4 Depths:5
Pandemonium: Depths:3 Depths:5
Trove: Depths:4 (give 6 potions of haste)

Annotations:
Elf:2 1 runed door


Innate Abilities, Weirdness & Mutations

You are small and have problems with some larger weapons.
You are somewhat resistant to further mutation.
You are clumsy. (Dex -2)
You are frail (-10% HP).
Your natural rate of healing is unusually fast.
Your spells are a little harder to cast, but a little more powerful.
You expend magic power (3 MP) to slightly strengthen your wands.


Message History

You climb upwards.
You sense a powerful magical force warping space.
There is a stone staircase leading down here.
HP restored.
You enter the shallow water.
Moving in this stuff is going to be slow.
A goblin comes into view.
The goblin shouts!
There is a staircase leading out of the dungeon here.
Wield which item (- for none, * to show all)? (? for menu, Esc to quit)
The +9 demon blade "Esyth" {flame, Str+3} stops flaming.
You feel nimbler!
h - a +9 greatsling of evasion (weapon)
Firing (i - inventory. (,) - cycle):
J - 912 stones (quivered)
Press: ? - help, Shift-Dir - straight line, f - goblin
Aim: a goblin You shoot a stone.
The stone hits the goblin!
You kill the goblin!
Trog accepts your kill.
You have escaped!

........# #..###.............####
........####..##.#...........# #
.........##...≈...≈.........##
............#≈.≈.≈♣≈).......#####
.......#....≈.⌠.≈♣⌠♣≈.....#......
#####........≈....♣≈.#.....#####.
##...####.##.≈...≈..........###.
##..#####...##≈...≈..............
#..#####.....#≈.@.≈.....#.#....#.
#.## #.......(≈(..≈..............
..# #........≈...≈..............
.## ###.....≈P...P≈...........#.
.########.).≈P⌠P≈P⌠P≈............
....>..###.##≈P≈.≈P≈..........##.
###........###≈...≈.##..#...####.
#........# ##.....###..........
#........# ##..#.#####.##.....


There were no monsters in sight!

Vanquished Creatures
  the royal jelly (Slime:6)
  3 ancient liches
  8 orbs of fire
  Margery (Vaults:4)
  Saint Roka (Depths:4)
  6 Killer Klowns
  Mara (Vaults:5)
  Mennas (Vaults:5)
  7 golden dragons
  2 pandemonium lords
  Xtahua (Vaults:2)
  Frederick (Depths:4)
  4 electric golems
  A lich (Depths:2)
  Vashnia (Snake:5)
  3 deep elf blademasters
  15 tentacled monstrosities
  7 titans
  A quicksilver dragon (shapeshifter) (Zig:7)
  Asterion (Depths:2)
  4 quicksilver dragons
  2 deep elf master archers (Elf:3)
  A Shadow Fiend (Zot:3)
  31 Orb Guardians
  4 krakens
  4 sphinxes
  2 Executioners
  Rupert (Elf:1)
  Agnes (Vaults:2)
  21 acid blobs
  Kirke (D:15)
  5 shadow dragons
  Frances (Snake:4)
  9 draconian monks
  9 storm dragons
  9 tengu reavers
  2 daevas (Zig:2)
  12 azure jellies
  Ilsuiw (Shoals:5)
  9 greater nagas (Snake:5)
  2 corrupters
  17 fire giants
  Donald (Shoals:3)
  Wiglaf (Vaults:2)
  An orc warlord (Vaults:5)
  2 ghost moths
  Maud (Lair:8)
  A black sun (D:8)
  7 iron dragons
  Aizul (Shoals:5)
  A cacodemon (Depths:3)
  Louise (D:14)
  11 frost giants
  4 draconian scorchers
  A balrug (Elf:3)
  9 draconian knights
  2 draconian zealots
  Gastronok (Lair:2)
  13 vault wardens
  15 deep elf sorcerers
  6 emperor scorpions
  9 ironheart preservers
  4 draconian annihilators
  5 draconian shifters
  A reaper (Zig:4)
  18 stone giants
  6 very ugly things
  5 war gargoyles
  A draconian caller (Zot:3)
  10 grey draconians
  3 green draconians
  2 salamander firebrands (Zot:3)
  7 black draconians
  6 yellow draconians
  A vampire knight (Depths:2)
  A lorocyproca (D:8)
  8 deep elf demonologists
  8 pale draconians
  8 white draconians
  8 purple draconians
  8 deep elf annihilators
  10 mottled draconians
  2 chaos champions
  An ettin (shapeshifter) (Vaults:5)
  2 dire elephants
  3 red draconians
  2 green deaths
  2 unborn (Vaults:2)
  6 merfolk javelineers
  14 ettins
  Snorg (Orc:1)
  A blizzard demon (Vaults:5)
  31 fire dragons
  4 death oozes
  4 minotaurs
  A crystal guardian (Vaults:3)
  5 deep elf death magi
  26 vault guards
  7 merfolk impalers
  A minotaur (shapeshifter) (Vaults:2)
  2 mummy priests (Zig:4)
  22 yaktaur captains
  7 great orbs of eyes
  A hell beast (D:12)
  6 death cobs
  Fannar (Lair:8)
  Harold (Lair:8)
  4 deep elf high priests
  17 ice dragons
  15 ogre magi
  A hydra (shapeshifter) (Vaults:5)
  22 anacondas
  24 naga warriors
  A monstrous demonspawn (Depths:1)
  9 rakshasas
  3 merfolk avatars
  8 hydras
  2 spriggan air magi
  5 deep troll earth magi
  An ice dragon (shapeshifter) (Vaults:5)
  A tengu warrior (Depths:2)
  2 merfolk aquamancers (Shoals:5)
  21 dancing weapons
  22 death yaks
  2 satyrs
  A spectral fire giant (Depths:2)
  10 shock serpents
  2 deep troll shamans (Depths:2)
  5 vampire magi
  The ghost of Vojta the Bolt Thrower, an experienced FoHu of Makhleb (D:9)
  11 centaur warriors
  6 spriggan berserkers
  19 naga sharpshooters
  The ghost of Miyamura the Chucker, an experienced TrHu (D:7)
  An orc high priest (Elf:3)
  27 deep elf knights
  2 skeletal warriors
  3 soul eaters
  Erolcha (Orc:4)
  A wretched star (Abyss:1)
  A fire crab (Vaults:2)
  12 sea snakes
  12 hell knights
  3 shadow wraiths
  5 sun demons
  An iron troll (shapeshifter) (Zig:3)
  A death scarab (Zig:4)
  7 salamander mystics
  2 swamp dragons
  A flayed ghost (Vaults:4)
  An unseen horror (shapeshifter) (Depths:2)
  A death drake (Zot:3)
  A gelid demonspawn (Zot:5)
  An anubis guard (Zig:4)
  3 ice devils
  14 large abominations
  17 deep elf summoners
  4 giant orange brains
  2 ice statues (IceCv)
  10 deep trolls
  An obsidian statue (Depths:5)
  An infernal demonspawn (D:8)
  11 naga ritualists
  A torturous demonspawn (D:8)
  2 necromancers
  8 mana vipers
  7 unseen horrors
  A wolf spider zombie (D:14)
  7 hill giants
  54 ugly things
  11 ironbrand convokers
  16 salamanders
  3 wolf spiders
  21 harpies
  2 wizards
  15 orc knights
  An orb spider (Zot:5)
  36 deep elf conjurers
  6 water nymphs
  14 cyclopes
  A stone giant zombie (Depths:2)
  5 orc sorcerers
  A shining eye (shapeshifter) (Zig:7)
  9 shining eyes
  6 phantasmal warriors
  17 fauns
  A faun (shapeshifter) (Elf:1)
  A hornet (Vaults:4)
  2 draconians (shapeshifter)
  21 moths of wrath
  A moth of wrath (shapeshifter) (Vaults:2)
  An apocalypse crab (Zig:3)
  8 griffons
  16 manticores
  2 salamanders (shapeshifter)
  A sixfirhy (Depths:4)
  15 guardian serpents
  5 smoke demons
  Maurice (Orc:4)
  44 black mambas
  A titan simulacrum (Depths:2)
  11 elephants
  11 centaur skeletons
  3 rust devils
  13 sirens
  5 torpor snails
  7 eyes of devastation
  5 spectral swamp worms (Depths:3)
  33 spiny frogs
  13 vault sentinels
  Psyche (Orc:4)
  A hellion (Depths:5)
  30 naga magi
  3 gargoyles
  10 komodo dragons
  8 efreet
  A komodo dragon (shapeshifter) (Vaults:4)
  71 yaktaurs
  3 orange demons
  7 fire drakes
  7 demonic crawlers
  5 hellwings
  A red devil (Elf:3)
  An ancient zyme (Abyss:1)
  An elf (Lair:7)
  A guardian mummy (Zig:4)
  27 deep elf priests
  5 kobold demonologists
  A merfolk (shapeshifter) (Depths:5)
  A wind drake (shapeshifter) (Elf:2)
  33 merfolk
  11 blue devils
  A polar bear (shapeshifter) (Depths:4)
  2 giant leeches (Lair:8)
  A queen bee (shapeshifter) (Depths:1)
  A fire vortex (Depths:3)
  A queen bee (Depths:2)
  11 small abominations
  25 blink frogs
  A troll (shapeshifter) (Depths:5)
  4 trolls
  2 polar bears
  A raven (shapeshifter) (D:15)
  5 boulder beetles
  2 wind drakes
  3 jumping spiders
  27 two-headed ogres
  An ushabti (Zig:4)
  9 freezing wraiths
  A hornet zombie (D:15)
  A baby alligator (shapeshifter) (Vaults:5)
  142 slime creatures
  6 basilisks
  7 raiju (Abyss:1)
  8 snapping turtles
  10 redbacks
  5 hogs
  A redback (shapeshifter) (Depths:2)
  5 tarantellas
  A shadow (D:12)
  31 water elementals
  A human (D:7)
  20 hippogriffs
  3 wraiths
  4 spriggans
  4 fire bats (Abyss:1)
  5 hungry ghosts
  3 ynoxinuls
  Eustachio (Orc:1)
  11 golden eyes
  A hog (shapeshifter) (D:15)
  18 wolves
  45 deep elf magi
  A vampire (Depths:3)
  2 fire elementals (Zig:10)
  60 deep elf fighters
  21 vampire mosquitoes
  10 chaos spawn
  A steam dragon (D:11)
  A golden eye (shapeshifter) (Vaults:4)
  A soldier ant (D:15)
  13 swamp worms
  A harpy simulacrum (Vaults:1)
  8 wargs
  84 nagas
  2 mottled dragons
  24 yaks
  A soldier ant (shapeshifter) (D:15)
  A human zombie (Vaults:5)
  41 water moccasins
  7 hell hounds (Zig:10)
  7 swamp drakes
  63 orc warriors
  14 porcupines
  2 phantoms
  17 ice beasts
  3 wasps (Depths:2)
  62 ogres
  5 black bears
  2 sky beasts
  6 boggarts (Depths:2)
  8 eyes of draining
  2 necrophages
  The ghost of FlamingWeapons the Skirmisher, an average HaWn of Ru (D:3)
  29 centaurs
  A spriggan simulacrum (Depths:2)
  A giant frog (shapeshifter) (Depths:1)
  2 boring beetles (shapeshifter)
  4 boring beetles
  12 crocodiles
  9 big kobolds
  2 brain worms
  A gnoll sergeant (D:8)
  41 giant frogs
  An earth elemental (Zig:6)
  2 wyvern skeletons
  2 scorpions
  10 wights
  25 killer bees
  9 electric eels
  2 quasits
  5 lava snakes (D:10)
  3 goliath beetles
  A human simulacrum (Vaults:2)
  10 crimson imps
  17 hounds
  2 giant frog skeletons
  3 giant frog zombies
  21 jellies
  2 gnoll shamans (D:6)
  35 orc priests
  3 iron imps
  9 hell rats
  4 centaur zombies
  31 orc wizards
  9 iguanas
  Natasha (twice) (D:5)
  53 sheep
  6 worker ants
  Jessica (D:2)
  An ogre zombie (Vaults:5)
  2 mummies (Zig:4)
  Terence (D:3)
  2 worker ant zombies (D:9)
  Robin (D:4)
  21 gnolls
  69 river rats
  7 shadow imps
  30 adders
  4 giant mites
  11 white imps
  12 worms
  8 ufetubi
  2 adder skeletons
  11 oozes
  220 orcs
  20 bats
  A bat zombie (D:6)
  5 giant cockroaches
  A hobgoblin (shapeshifter) (D:15)
  21 hobgoblins
  9 jackals
  32 kobolds
  19 quokkas
  2 ball pythons
  A giant gecko skeleton (D:4)
  A giant gecko zombie (D:6)
  3 giant newts
  28 goblins
  A jackal skeleton (D:6)
  A quokka zombie (D:9)
  16 rats
  7 ballistomycetes (D:12)
  A bush (Abyss:1)
  A butterfly (Lair:3)
  A crawling corpse (Vaults:5)
  12 fungi
  26 plants
  14 tentacles
3529 creatures vanquished.

Vanquished Creatures (others)
  2 draconian scorchers
  A small abomination (Vaults:5)
  A deep elf demonologist (Vaults:5)
  A deep elf high priest (Elf:3)
  A death cob (Zot:3)
  A hill giant (Abyss:1)
  A necromancer (Depths:2)
  2 sixfirhies (Depths:3)
  A drowned soul (Shoals:5)
  2 water elementals (Zig:9)
  5 fire drakes
  A gargoyle (Zig:6)
  A kobold demonologist (D:13)
  2 fire elementals (Zig:9)
  A deep elf mage (Vaults:4)
  3 deep elf fighters
  2 wargs (Vaults:5)
  A naga (Shoals:5)
  3 ogres (Vaults:4)
  An orc warrior (Vaults:5)
  2 lost souls (Elf:3)
  2 giant frogs (Lair:8)
  2 hell rats (Elf:3)
  A sheep (Shoals:5)
  3 white imps (IceCv)
  An ufetubus (IceCv)
  5 orcs
  3 giant spores (D:12)
  A ballistomycete (D:12)
  23 fungi
  20 plants
  36 tentacles
  1269 tentacle segments
  5 toadstools
1406 creatures vanquished.

Grand Total: 4935 creatures vanquished

Notes
Turn   | Place    | Note
--------------------------------------------------------------
     0 | D:1      | Miyamura, the Halfling Berserker, began the quest for the Orb.
     0 | D:1      | Reached XP level 1. HP: 15/15 MP: 1/1
   283 | D:1      | Reached XP level 2. HP: 20/20 MP: 2/2
   420 | D:1      | Reached skill level 1 in Stealth
   798 | D:1      | Reached XP level 3. HP: 21/25 MP: 3/3
  1195 | D:2      | Reached XP level 4. HP: 30/30 MP: 4/4
  1294 | D:2      | Reached skill level 1 in Slings
  1575 | D:2      | Noticed Jessica
  1579 | D:2      | Killed Jessica
  1680 | D:2      | Acquired Trog's second power
  1850 | D:2      | Found a shadowy altar of Dithmenos.
  1855 | D:2      | Reached XP level 5. HP: 34/36 MP: 5/5
  1967 | D:3      | Noticed FlamingWeapons' ghost (average HaWn)
  1985 | D:3      | Killed FlamingWeapons' ghost
  1985 | D:3      | Reached XP level 6. HP: 42/42 MP: 6/6
  2129 | D:3      | Noticed a hippogriff
  2153 | D:3      | Killed a hippogriff
  2308 | D:3      | Noticed Terence
  2320 | D:3      | Killed Terence
  2374 | D:3      | Reached skill level 4 in Dodging
  2374 | D:3      | Reached XP level 7. HP: 36/46 MP: 7/7
  2641 | D:4      | Reached skill level 1 in Short Blades
  3089 | D:4      | Found a viscous altar of Jiyva.
  3168 | D:4      | Reached XP level 8. HP: 54/54 MP: 8/8
  3229 | D:4      | Found Cigaps' Antique Armour Emporium.
  3250 | D:4      | Found a staircase to the Ecumenical Temple.
  3260 | D:4      | Noticed Robin
  3293 | D:4      | Killed Robin
  3298 | D:4      | Acquired Trog's third power
  3370 | Temple   | Entered the Ecumenical Temple
  3543 | D:4      | Found Bateosej's Magic Scroll Shop.
  3841 | D:5      | Entered Level 5 of the Dungeon
  3841 | D:5      | Found Hyzyucy's Jewellery Shop.
  4077 | D:5      | Reached skill level 5 in Slings
  4108 | D:5      | Got a twisted war axe
  4111 | D:5      | Identified the +9 war axe "Vuvyrgho" {chop, rN+ MR- Int+4 SInv} (You found it on level 5 of the Dungeon)
  4163 | D:5      | Received a gift from Trog
  4176 | D:5      | Found a blossoming altar of Fedhas.
  4178 | D:5      | Found a glowing silver altar of Zin.
  4224 | D:5      | Found a shattered altar of Ashenzari.
  4492 | D:5      | Reached skill level 5 in Dodging
  4512 | D:5      | Noticed Natasha
  4526 | D:5      | Killed Natasha
  4816 | D:5      | Noticed Natasha
  4819 | D:5      | Killed Natasha
  4884 | D:6      | Got a dazzling trident
  4885 | D:6      | Identified the +12 trident "Shrieh" {freeze, rPois rF+ rC- MR- Str+6} (You found it on level 6 of the Dungeon)
  4987 | D:6      | Found a deep blue altar of Sif Muna.
  5223 | D:6      | Reached skill level 6 in Slings
  5482 | D:6      | Reached skill level 5 in Armour
  5482 | D:6      | Reached XP level 9. HP: 36/59 MP: 9/9
  6082 | D:7      | Reached skill level 5 in Fighting
  6128 | D:7      | Reached skill level 5 in Short Blades
  6195 | D:7      | Found Ojualora's Antique Armour Shop.
  6198 | D:7      | Bought a pair of steaming gloves for 247 gold pieces
  6203 | D:7      | Identified the cursed -4 pair of gloves of Midnight {rPois MR- Str+3 Int+3} (You bought it in a shop on level 7 of the Dungeon)
  6234 | D:7      | Reached skill level 7 in Slings
  6416 | D:7      | Found a sacrificial altar of Ru.
  6463 | D:7      | Noticed Miyamura's ghost (experienced TrHu)
  7104 | D:7      | Found a shimmering altar of Xom.
  7106 | D:7      | Found a shimmering altar of Xom.
  7107 | D:7      | Found a shimmering altar of Xom.
  7107 | D:7      | Found a shimmering altar of Xom.
  7108 | D:7      | Found a shimmering altar of Xom.
  7108 | D:7      | Found a shimmering altar of Xom.
  7215 | D:7      | Killed Miyamura's ghost
  7244 | D:7      | Reached skill level 8 in Slings
  7244 | D:7      | Reached XP level 10. HP: 31/68 MP: 10/10
  7741 | D:8      | Received a gift from Trog
  7744 | D:8      | Got a scorched rapier {god gift}
  7745 | D:8      | Identified the +4 rapier "Sik Qiy" {pierce, +Blink +Rage rElec Int+4} (Trog gifted it to you on level 8 of the Dungeon)
  7915 | D:8      | Found an opulent altar of Gozag.
  8479 | D:8      | Reached skill level 9 in Slings
  8736 | D:9      | Found a radiant altar of Vehumet.
  9142 | D:9      | Found Shrint's Armour Emporium.
  9407 | D:9      | Received a gift from Trog
  9466 | D:9      | Reached XP level 11. HP: 26/74 MP: 11/11
  9875 | D:9      | Reached skill level 10 in Slings
  9982 | D:9      | Found an opulent altar of Gozag.
  9985 | D:9      | Found Gozag's Platinum Reserve.
 10242 | D:9      | Noticed Vojta's ghost (experienced FoHu)
 10256 | D:9      | Killed Vojta's ghost
 11186 | D:10     | Entered Level 10 of the Dungeon
 12261 | D:10     | Noticed a hill giant
 12275 | D:10     | Killed a hill giant
 12275 | D:10     | Reached skill level 11 in Slings
 13015 | D:11     | Found Mnuafruva's Gadget Boutique.
 13063 | D:11     | Noticed a cyclops
 13141 | D:11     | Killed a cyclops
 13371 | D:11     | Noticed an unseen horror
 13376 | D:11     | Killed an unseen horror
 13376 | D:11     | Reached XP level 12. HP: 71/82 MP: 12/12
 13443 | D:11     | Found a staircase to the Lair.
 13454 | D:11     | Noticed a hill giant
 13471 | D:11     | Killed a hill giant
 13806 | D:11     | Found Lienlev's Magic Scroll Emporium.
 13814 | D:11     | Bought a scroll of random uselessness for 12 gold pieces
 14023 | Lair:1   | Entered Level 1 of the Lair of Beasts
 14126 | Lair:1   | Received a gift from Trog
 14326 | Lair:1   | Received a gift from Trog
 14440 | Lair:1   | Reached skill level 10 in Short Blades
 14481 | Lair:1   | Noticed an eight-headed hydra
 14490 | Lair:1   | Killed an eight-headed hydra
 14490 | Lair:1   | Reached skill level 12 in Slings
 15153 | Lair:2   | Noticed Gastronok
 15178 | Lair:2   | Killed Gastronok
 15178 | Lair:2   | Reached skill level 10 in Dodging
 15344 | Lair:2   | Noticed a six-headed hydra
 15861 | Lair:2   | Reached XP level 13. HP: 90/90 MP: 13/13
 15903 | Lair:2   | Killed a six-headed hydra
 15903 | Lair:2   | Reached skill level 13 in Slings
 15903 | Lair:2   | Reached skill level 10 in Armour
 15986 | Lair:2   | Received a gift from Trog
 16805 | Lair:3   | Received a gift from Trog
 18541 | Lair:4   | Found a staircase to the Shoals.
 18559 | Lair:4   | Reached skill level 14 in Slings
 19246 | Lair:5   | Got a brightly glowing hunting sling
 19248 | Lair:5   | Identified the cursed +2 hunting sling of Scho Mevacwi {velocity, rN+ Str+3 Int-2 Dex+2} (You found it on level 5 of the Lair of Beasts)
 19324 | Lair:5   | Received a gift from Trog
 20384 | Lair:6   | Gained mutation: Your body is slowly deteriorating. [potion of mutation]
 20384 | Lair:6   | Lost mutation: Your body is slowly deteriorating. [potion of mutation]
 20385 | Lair:6   | Gained mutation: You occasionally shout uncontrollably at your foes. [potion of mutation]
 21243 | Lair:6   | Reached XP level 14. HP: 98/98 MP: 14/14
 21448 | Lair:6   | Reached skill level 10 in Fighting
 21625 | Lair:6   | Found a staircase to the Snake Pit.
 21646 | Lair:6   | Received a gift from Trog
 22153 | Lair:7   | Received a gift from Trog
 22709 | Lair:7   | Reached skill level 15 in Slings
 22715 | Lair:7   | Received a gift from Trog
 23456 | Lair:8   | Entered Level 8 of the Lair of Beasts
 23462 | Lair:8   | Noticed Fannar
 24335 | Lair:8   | Got a fine trident
 24389 | Lair:8   | Identified the +9 trident of Pandemonium {venom, rElec} (You found it on level 8 of the Lair of Beasts)
 24494 | Lair:8   | Killed Fannar
 24765 | Lair:8   | Received a gift from Trog
 24956 | Lair:8   | Got a crude demon blade {god gift}
 24957 | Lair:8   | Identified the +9 demon blade "Esyth" {flame, Str+3} (Trog gifted it to you on level 8 of the Lair of Beasts)
 25220 | Lair:8   | Found a staircase to the Slime Pits.
 25598 | Lair:8   | Noticed Maud
 25966 | Lair:8   | Reached XP level 15. HP: 105/105 MP: 15/15
 26462 | Lair:8   | Killed Maud
 26889 | Lair:8   | Reached skill level 5 in Long Blades
 26889 | Lair:8   | Reached skill level 16 in Slings
 27052 | Lair:8   | Received a gift from Trog
 27435 | Lair:8   | Noticed Harold
 27453 | Lair:8   | Killed Harold
 28270 | D:12     | Found a frozen archway.
 28347 | IceCv    | Entered an ice cave
 29144 | D:12     | Received a gift from Trog
 29489 | D:12     | Found a staircase to the Orcish Mines.
 30138 | D:12     | Got a bound ivory ring
 30146 | D:12     | Identified the ring of Day {rElec rPois SInv} (You found it on level 12 of the Dungeon)
 30215 | Orc:1    | Entered Level 1 of the Orcish Mines
 30218 | Orc:1    | Received a gift from Trog
 30222 | Orc:1    | Noticed Eustachio
 30244 | Orc:1    | Killed Eustachio
 30380 | Orc:1    | Received a gift from Trog
 30486 | Orc:1    | Noticed Snorg
 30494 | Orc:1    | Killed Snorg
 30510 | Orc:1    | Received a gift from Trog
 30552 | Orc:1    | Found Psirchao's Weapon Emporium.
 31112 | Orc:3    | Received a gift from Trog
 31382 | Orc:3    | Found a staircase to the Elven Halls.
 31382 | Orc:3    | Found a roughly hewn altar of Beogh.
 31538 | Orc:3    | Found a bloodstained altar of Trog.
 31868 | Orc:4    | Entered Level 4 of the Orcish Mines
 31890 | Orc:4    | Noticed Psyche
 31897 | Orc:4    | Killed Psyche
 32038 | Orc:4    | Received a gift from Trog
 32223 | Orc:4    | Found Throilatu's Distillery.
 32223 | Orc:4    | Found Qaorr's Magic Scroll Shop.
 32281 | Orc:4    | Noticed Erolcha
 32289 | Orc:4    | Killed Erolcha
 32289 | Orc:4    | Reached XP level 16. HP: 111/113 MP: 16/16
 32336 | Orc:4    | Noticed Maurice
 32349 | Orc:4    | Killed Maurice
 32460 | Orc:4    | Received a gift from Trog
 32464 | Orc:4    | Got an ancient short sword {god gift}
 32465 | Orc:4    | Identified the +12 short sword of Eternal Night {pierce, rC+ rN+} (Trog gifted it to you on level 4 of the Orcish Mines)
 32683 | Orc:4    | Found Paubee's Magic Scroll Boutique.
 32685 | Orc:4    | Found Yntelel's Gadget Shoppe.
 32689 | Orc:4    | Bought a scroll of teleportation for 51 gold pieces
 32689 | Orc:4    | Bought a scroll of recharging for 161 gold pieces
 32689 | Orc:4    | Bought a scroll of teleportation for 51 gold pieces
 32696 | Orc:4    | Bought a wand of paralysis (14) for 224 gold pieces
 32699 | Orc:4    | Bought a scroll of magic mapping for 59 gold pieces
 32699 | Orc:4    | Bought a scroll of enchant weapon for 127 gold pieces
 32699 | Orc:4    | Bought a scroll of enchant armour for 127 gold pieces
 32699 | Orc:4    | Bought a scroll of blinking for 127 gold pieces
 32699 | Orc:4    | Bought a scroll of identify for 34 gold pieces
 32699 | Orc:4    | Bought a scroll of enchant weapon for 127 gold pieces
 32699 | Orc:4    | Bought a scroll of identify for 34 gold pieces
 32699 | Orc:4    | Bought a scroll of identify for 34 gold pieces
 32701 | Orc:4    | Bought a scroll of identify for 30 gold pieces
 32701 | Orc:4    | Bought a scroll of remove curse for 45 gold pieces
 32701 | Orc:4    | Bought a scroll of identify for 30 gold pieces
 32701 | Orc:4    | Bought a scroll of blinking for 112 gold pieces
 32701 | Orc:4    | Bought a scroll of identify for 30 gold pieces
 32701 | Orc:4    | Bought a scroll of magic mapping for 52 gold pieces
 32701 | Orc:4    | Bought a scroll of blinking for 112 gold pieces
 33225 | Orc:4    | Got a warped rapier {god gift}
 33232 | Orc:4    | Identified the +1 rapier of Propriety {vamp, rF+} (Trog gifted it to you on level 4 of the Orcish Mines)
 33532 | D:13     | Identified the Handbook of Orientation
 33762 | D:13     | Identified a +3 rod of inaccuracy (12/12) (You found it on level 13 of the Dungeon)
 34557 | D:13     | Got a smoking falchion
 34629 | D:13     | Identified the +6 falchion of the Many Runes {vamp, Str+4} (You found it on level 13 of the Dungeon)
 34750 | D:13     | Reached skill level 17 in Slings
 34826 | D:13     | Received a gift from Trog
 35028 | D:13     | Found a gate to the Vaults.
 35616 | D:14     | Gained mutation: You have supernaturally acute eyesight. [mutagenic meat]
 35619 | D:14     | Gained mutation: Your flesh is heat resistant. [mutagenic meat]
 35623 | D:14     | Gained mutation: You are covered in fur (AC +1). [mutagenic meat]
 35907 | D:14     | Noticed Louise
 35938 | D:14     | Cast into the Abyss (Louise)
 35985 | Abyss:1  | Noticed a Hell Sentinel
 36149 | Abyss:1  | Received a gift from Trog
 36250 | Abyss:1  | Noticed an Executioner
 36406 | D:14     | Escaped the Abyss
 36693 | D:14     | Cast into the Abyss (Louise)
 36786 | Abyss:1  | Found a corrupted altar of Lugonu.
 36984 | Abyss:1  | Noticed an Executioner
 36986 | Abyss:1  | Found a corrupted altar of Lugonu.
 37019 | D:14     | Escaped the Abyss
 37045 | D:14     | Killed Louise
 37098 | D:15     | Entered Level 15 of the Dungeon
 37112 | D:15     | Noticed Kirke
 37257 | D:15     | Killed Kirke
 37409 | D:15     | Received a gift from Trog
 37422 | D:15     | Reached XP level 17. HP: 119/119 MP: 17/17
 37720 | D:15     | Lost mutation: You occasionally shout uncontrollably at your foes. [mutagenic meat]
 37723 | D:15     | Gained mutation: You can translocate small distances at will. [mutagenic meat]
 37724 | D:15     | Gained mutation: Your spells are a little harder to cast, but a little more powerful. [mutagenic meat]
 37725 | D:15     | Lost mutation: Your spells are a little harder to cast, but a little more powerful. [mutagenic meat]
 37726 | D:15     | Lost mutation: You have supernaturally acute eyesight. [mutagenic meat]
 37730 | D:15     | Gained mutation: You are frail (-10% HP). [mutagenic meat]
 38331 | D:15     | Reached skill level 18 in Slings
 38339 | D:15     | Found a staircase to the Depths.
 38507 | Lair:1   | Lost mutation: You are frail (-10% HP). [potion of cure mutation]
 38507 | Lair:1   | Lost mutation: Your flesh is heat resistant. [potion of cure mutation]
 38507 | Lair:1   | Lost mutation: You are covered in fur (AC +1). [potion of cure mutation]
 38507 | Lair:1   | Lost mutation: You can translocate small distances at will. [potion of cure mutation]
 38664 | Snake:1  | Entered Level 1 of the Snake Pit
 38816 | Snake:1  | Got a faintly glowing greatsling
 38817 | Snake:1  | Identified the cursed -1 greatsling "Neug" {venom, MR- MP+9 Int+2 Dex-3 SInv} (You found it on level 1 of the Snake Pit)
 38890 | Snake:1  | Reached skill level 1 in Evocations
 39203 | Snake:1  | Received a gift from Trog
 40262 | Snake:2  | Found Hoighahy's Distillery.
 40266 | Snake:2  | Bought a potion of curing for 42 gold pieces
 40266 | Snake:2  | Bought a potion of curing for 42 gold pieces
 40266 | Snake:2  | Bought 2 potions of heal wounds for 140 gold pieces
 40266 | Snake:2  | Bought a potion of resistance for 140 gold pieces
 40266 | Snake:2  | Bought a potion of curing for 42 gold pieces
 40266 | Snake:2  | Bought a potion of curing for 42 gold pieces
 40266 | Snake:2  | Bought a potion of curing for 42 gold pieces
 41335 | Snake:3  | Received a gift from Trog
 41530 | Snake:3  | Found a stormy altar of Qazlal.
 41943 | Snake:3  | Reached XP level 18. HP: 127/127 MP: 25/25
 42345 | Snake:4  | Reached skill level 10 in Long Blades
 42391 | Snake:4  | Reached skill level 15 in Dodging
 42613 | Snake:4  | Reached skill level 5 in Evocations
 42741 | Snake:4  | Received a gift from Trog
 42926 | Snake:4  | Reached skill level 19 in Slings
 43244 | Snake:4  | Found an ancient bone altar of Kikubaaqudgha.
 43458 | Snake:4  | Noticed Frances
 43471 | Snake:4  | Killed Frances
 43646 | Snake:5  | Entered Level 5 of the Snake Pit
 43708 | Snake:5  | Noticed Vashnia
 44105 | Snake:5  | Killed Vashnia
 44322 | Snake:5  | Received a gift from Trog
 45544 | Snake:5  | Reached XP level 19. HP: 102/135 MP: 28/28
 46055 | Snake:5  | Received a gift from Trog
 46303 | Snake:5  | Received a gift from Trog
 46826 | Snake:5  | Reached skill level 20 in Slings
 47142 | Snake:5  | Received a gift from Trog
 47643 | Snake:5  | Gained mutation: You have a pair of small horns on your head. [mutagenic meat]
 47646 | Snake:5  | Gained mutation: You passively map a small area around you. [mutagenic meat]
 47824 | Snake:5  | Got a serpentine rune of Zot
 48320 | Shoals:1 | Entered Level 1 of the Shoals
 48445 | Lair:2   | Received a gift from Trog
 48448 | Lair:2   | Got a steaming hunting sling {god gift}
 48449 | Lair:2   | Identified the +9 hunting sling "Ewaal" {freeze, rF- Str-2 Dex+6 Stlth+} (Trog gifted it to you on level 2 of the Lair of Beasts)
 48651 | Shoals:1 | Reached skill level 1 in Shields
 49021 | Shoals:1 | Reached XP level 20. HP: 51/143 MP: 31/31
 49583 | Shoals:1 | Reached skill level 5 in Shields
 49863 | Shoals:2 | Received a gift from Trog
 50064 | Shoals:2 | Received a gift from Trog
 50786 | Shoals:3 | Received a gift from Trog
 51081 | Shoals:3 | Reached skill level 10 in Shields
 51496 | Shoals:3 | Noticed Donald
 51514 | Shoals:3 | Killed Donald
 52017 | Shoals:4 | Received a gift from Trog
 52411 | Shoals:5 | Entered Level 5 of the Shoals
 52604 | Shoals:5 | Hired Moesar the naga for 165 gold.
 52625 | Shoals:5 | Noticed Ilsuiw
 52635 | Shoals:5 | Your ally Moesar died
 52698 | Shoals:5 | Killed Ilsuiw
 53430 | Shoals:5 | Reached XP level 21. HP: 148/148 MP: 31/31
 53990 | Shoals:5 | Got a barnacled rune of Zot
 54076 | Shoals:5 | Got a scorched plate armour
 54077 | Shoals:5 | Identified the +6 plate armour "Yluont" {SInv} (You found it on level 5 of the Shoals)
 54238 | Shoals:5 | Noticed Aizul
 54269 | Shoals:5 | Killed Aizul
 54481 | Shoals:1 | Received a gift from Trog
 54770 | Depths:1 | Entered Level 1 of the Depths
 54831 | Depths:1 | Found a one-way gate to the infinite horrors of the Abyss.
 55240 | Depths:1 | Found Ghamm's Demolitions Depot.
 55490 | Depths:1 | Gained mutation: Your spells are a little harder to cast, but a little more powerful. [mutagenic meat]
 55719 | Depths:1 | Found a gateway to Hell.
 56092 | Depths:2 | Noticed Asterion
 56107 | Depths:2 | Killed Asterion
 56400 | Depths:2 | Gained mutation: You have a pair of horns on your head. [mutagenic meat]
 56498 | Depths:2 | Got a transparent hand crossbow
 56499 | Depths:2 | Identified the cursed -1 hand crossbow of the Fulmar {flame, Contam rF++} (You took it off a merfolk javelineer on level 2 of the Depths)
 56820 | Depths:2 | Received a gift from Trog
 56921 | Depths:2 | Gained mutation: Your system is resistant to poisons. [mutagenic meat]
 57012 | Depths:2 | Reached skill level 10 in Evocations
 57332 | Depths:2 | Received a gift from Trog
 57405 | Depths:2 | Reached skill level 21 in Slings
 57448 | Depths:2 | Found a runed door.
 57631 | Depths:2 | Received a gift from Trog
 57693 | Depths:2 | Cast into the Abyss (a deep elf demonologist)
 57710 | Depths:2 | Escaped the Abyss
 57715 | Depths:2 | Reached XP level 22. HP: 155/155 MP: 33/33
 58816 | Depths:2 | Got an uncursed polished trident {flame}
 58816 | Depths:2 | Got a slimy robe
 58830 | Depths:2 | Identified the +2 robe of the Gloaming {-Cast rElec Str+6 Int+3} (You took it off a yaktaur on level 2 of the Depths)
 58876 | Depths:2 | Got a faintly glowing wooden ring
 58878 | Depths:2 | Identified the ring of Wahef {-Cast rN+ Int+4} (You found it on level 2 of the Depths)
 59460 | Depths:2 | Received a gift from Trog
 59467 | Depths:2 | Got a warped scale mail
 59493 | Depths:2 | Identified the -5 scale mail of the Storm King {rPois MR+} (You found it on level 2 of the Depths)
 59501 | Depths:2 | Got a faintly humming scale mail
 59507 | Depths:2 | Identified the +5 scale mail of the Nightingale {Str+3} (You found it on level 2 of the Depths)
 59839 | Depths:3 | Reached skill level 15 in Fighting
 59883 | Depths:3 | Found a one-way gate leading to the halls of Pandemonium.
 60239 | Depths:3 | Found Gaoma's Blood Bar.
 60482 | Depths:3 | Received a gift from Trog
 60868 | Depths:4 | Noticed Frederick
 60886 | Depths:4 | Killed Frederick
 61130 | Depths:4 | Reached XP level 23. HP: 153/162 MP: 32/35
 61283 | Depths:4 | Reached skill level 22 in Slings
 61321 | Depths:4 | Noticed Saint Roka
 61479 | Depths:4 | Found a portal to a secret trove of treasure.
 61527 | Depths:4 | Received a gift from Trog
 61647 | Depths:4 | Killed Saint Roka
 61772 | Depths:4 | Gained mutation: Your natural rate of healing is unusually fast. [mutagenic meat]
 61779 | Depths:4 | Gained mutation: Your flesh is heat resistant. [mutagenic meat]
 61821 | Depths:4 | Found a gateway to a ziggurat.
 62130 | Depths:5 | Entered Level 5 of the Depths
 62286 | Depths:5 | Received a gift from Trog
 62696 | Depths:5 | Received a gift from Trog
 62991 | Depths:5 | Found a gate to the Realm of Zot.
 63077 | Depths:5 | Found a gateway to a bazaar.
 63087 | Bazaar   | Entered a bazaar
 63095 | Bazaar   | Found Crar's Antique Weapon Emporium.
 63109 | Bazaar   | Found Ahia's Antique Weapon Shoppe.
 63124 | Bazaar   | Found Mutwafu's Antique Armour Shoppe.
 63135 | Bazaar   | Found Skauqak's Antique Armour Emporium.
 63158 | Bazaar   | Bought a heavily runed scale mail for 279 gold pieces
 63169 | Bazaar   | Identified the +3 scale mail of Hopscotch {rElec rC- Int+3 Dex+3} (You bought it in a shop in a bazaar)
 63189 | Bazaar   | Bought a shimmering leather armour for 189 gold pieces
 63200 | Bazaar   | Identified the +4 leather armour of Space {Str+2} (You bought it in a shop in a bazaar)
 63234 | Bazaar   | Bought a crude quarterstaff for 216 gold pieces
 63234 | Bazaar   | Bought an ebony rapier for 216 gold pieces
 63244 | Bazaar   | Identified the +3 rapier of Immorality {freeze, *Rage MP+9 Str+2} (You bought it in a shop in a bazaar)
 63851 | Vaults:1 | Entered Level 1 of the Vaults
 64033 | Vaults:1 | Received a gift from Trog
 64477 | Vaults:1 | Reached XP level 24. HP: 171/171 MP: 36/36
 64726 | Vaults:1 | Received a gift from Trog
 64818 | Vaults:1 | Found Ilu Mano's Antique Weapon Shoppe.
 65077 | Vaults:2 | Noticed Agnes
 65170 | Vaults:2 | Noticed Wiglaf
 65183 | Vaults:2 | Killed Agnes
 65200 | Vaults:2 | Killed Wiglaf
 65393 | Vaults:2 | Paralysed by a great orb of eyes for 3 turns
 65401 | Vaults:2 | Reached skill level 23 in Slings
 65525 | Vaults:2 | Noticed Xtahua
 65536 | Vaults:2 | Killed Xtahua
 65621 | Vaults:2 | Received a gift from Trog
 65865 | Vaults:2 | Received a gift from Trog
 66071 | Vaults:2 | Found Cruob's Food Shoppe.
 66079 | Vaults:2 | Received a gift from Trog
 66244 | Vaults:2 | Received a gift from Trog
 66507 | Vaults:2 | Found a staircase to the Crypt.
 66749 | Vaults:3 | Found a flickering gateway to a bazaar.
 66808 | Bazaar   | Entered a bazaar
 66812 | Bazaar   | Found Shyc Yri's Gadget Boutique.
 66830 | Bazaar   | Found Ymagemul's Gadget Emporium.
 66847 | Bazaar   | Found Thremanin's Jewellery Boutique.
 66864 | Bazaar   | Found Aroih's Antique Armour Shoppe.
 66886 | Bazaar   | Bought a spiked leather armour for 203 gold pieces
 66897 | Bazaar   | Identified the +1 leather armour of Gravity {rN+ Slay+3} (You bought it in a shop in a bazaar)
 67495 | Vaults:3 | Received a gift from Trog
 68142 | Vaults:3 | Reached skill level 15 in Long Blades
 68642 | Vaults:4 | Reached XP level 25. HP: 179/179 MP: 36/37
 68711 | Vaults:4 | Received a gift from Trog
 68742 | Vaults:4 | Got a bloodstained dagger {god gift}
 68743 | Vaults:4 | Identified the +3 dagger of Juyla {drain, Str+4 Int+2 Dex+4} (Trog gifted it to you on level 4 of the Vaults)
 69304 | Vaults:4 | Received a gift from Trog
 69398 | Vaults:4 | Received a gift from Trog
 69908 | Vaults:5 | Entered Level 5 of the Vaults
 69996 | Vaults:4 | Reached skill level 24 in Slings
 70266 | Vaults:5 | Received a gift from Trog
 70571 | Vaults:5 | Got a scorched copper ring
 70572 | Vaults:5 | Identified the ring "For Thet" {Wiz rPois rF+ rN+ Int+3 Dex-3} (You found it on level 5 of the Vaults)
 70576 | Vaults:5 | Got an ancient scimitar
 70577 | Vaults:5 | Identified the +4 scimitar "Hiruig" {flame, rN+ MP+9} (You found it on level 5 of the Vaults)
 70647 | Vaults:5 | Reached skill level 15 in Evocations
 70654 | Vaults:5 | Noticed Mennas
 70686 | Vaults:5 | Reached XP level 26. HP: 187/187 MP: 18/39
 70709 | Vaults:5 | Noticed an ancient lich
 70732 | Vaults:5 | Killed an ancient lich
 70887 | Vaults:5 | Received a gift from Trog
 70914 | Vaults:5 | Noticed Mara
 70922 | Vaults:5 | Noticed Miyamura's illusion
 70974 | Vaults:5 | Noticed Margery
 71124 | Vaults:4 | Killed Margery
 71604 | Vaults:5 | Received a gift from Trog
 71702 | Vaults:5 | Killed Mennas
 71796 | Vaults:5 | Got a silver rune of Zot
 72002 | Vaults:5 | Killed Mara
 72002 | Vaults:5 | Reached skill level 25 in Slings
 72372 | Vaults:5 | Got a shimmering bone ring
 72373 | Vaults:5 | Identified the ring of Muoffe {Fire rPois Str+4 Int+4 Dex-2 Slay+2} (You took it off a deep elf high priest on level 5 of the Vaults)
 72390 | Vaults:5 | Identified Noklablo's Incunabulum of Lethal Beguiling
 72541 | Vaults:5 | Got a smoking ring mail
 72542 | Vaults:5 | Identified the +4 ring mail of Anaesthesia {rC+ Int+4 Dex-3 SInv} (You found it on level 5 of the Vaults)
 72923 | Vaults:3 | Received a gift from Trog
 73090 | Vaults:1 | Reached XP level 27. HP: 194/194 MP: 40/40
 73284 | Elf:1    | Entered Level 1 of the Elven Halls
 73336 | Elf:1    | Reached skill level 15 in Armour
 73533 | Elf:1    | Noticed Rupert
 73544 | Elf:1    | Killed Rupert
 73919 | Elf:1    | Received a gift from Trog
 73922 | Elf:1    | Got a crude short sword {god gift}
 73935 | Elf:1    | Identified the +13 short sword "Beumpez" {freeze, Dex+4} (Trog gifted it to you on level 1 of the Elven Halls)
 74343 | Elf:2    | Found a runed door.
 74373 | Elf:2    | Found a runed door.
 75100 | Elf:3    | Entered Level 3 of the Elven Halls
 75281 | Elf:3    | Received a gift from Trog
 75449 | Elf:3    | Cast into the Abyss (a deep elf sorcerer)
 75490 | Abyss:1  | Found a corrupted altar of Lugonu.
 75639 | Elf:3    | Escaped the Abyss
 76469 | Elf:3    | Received a gift from Trog
 77453 | Elf:3    | Identified the Guide on Freezing Companions
 77479 | Elf:3    | Identified the Catalogue of Supportive Dislocation (You found it on level 3 of the Elven Halls)
 77529 | Elf:3    | Got a steaming war axe
 77530 | Elf:3    | Identified the cursed -2 war axe "Jedd" {drain, +Fly rC- Int+3} (You took it off a deep elf demonologist on level 3 of the Elven Halls)
 77543 | Elf:3    | Got a brightly glowing hand axe
 77544 | Elf:3    | Identified the +5 hand axe of Gozag's Scorn {elec, Int+2} (You took it off a deep elf high priest on level 3 of the Elven Halls)
 77546 | Elf:3    | Got a blackened quicksilver dragon armour
 77557 | Elf:3    | Identified the cursed quicksilver dragon armour "Appui" {rPois rC+ MR+ rCorr Dex-2} (You took it off a deep elf high priest on level 3 of the Elven Halls)
 77585 | Elf:3    | Got a smoking buckler
 77596 | Elf:3    | Identified the +3 buckler of Zimpysm {Int+2} (You took it off a deep elf high priest on level 3 of the Elven Halls)
 77630 | Elf:3    | Got a transparent silver ring
 77646 | Elf:3    | Got a brightly glowing robe
 77647 | Elf:3    | Identified the cursed -3 robe of the Shoals {Str+6} (You took it off a deep elf demonologist on level 3 of the Elven Halls)
 77649 | Elf:3    | Identified the ring "Cri Coe" {+Fly rElec rPois rF+ rC- rN+} (You took it off a deep elf demonologist on level 3 of the Elven Halls)
 78155 | Slime:1  | Entered Level 1 of the Pits of Slime
 78172 | Slime:1  | Received a gift from Trog
 78233 | Slime:1  | Gained mutation: You tend to lose your temper in combat. [a shining eye]
 78759 | Slime:2  | Gained mutation: You occasionally shout uncontrollably at your foes. [a shining eye]
 79412 | Slime:4  | Received a gift from Trog
 79913 | Slime:6  | Entered Level 6 of the Pits of Slime
 80313 | Slime:6  | Noticed the royal jelly
 80319 | Slime:6  | Found a viscous altar of Jiyva.
 80344 | Slime:6  | Killed the royal jelly
 80626 | Slime:6  | Received a gift from Trog
 81017 | Slime:6  | Got a slimy rune of Zot
 81043 | Slime:6  | Got a slimy mace
 81044 | Slime:6  | Identified the +6 mace of Propriety {pain, rElec rC+ Int+5} (You found it on level 6 of the Pits of Slime)
 81047 | Slime:6  | Got a distressingly furry ring mail
 81058 | Slime:6  | Identified the cursed -1 ring mail of the Shore {rC+ Dex+3} (You found it on level 6 of the Pits of Slime)
 81068 | Slime:6  | Got a twisted plate armour
 81074 | Slime:6  | Identified the -12 plate armour of the Wasteland {rC- Str+6} (You found it on level 6 of the Pits of Slime)
 81082 | Slime:6  | Got an ichor-stained ring mail
 81088 | Slime:6  | Identified the cursed -3 ring mail of Menuxa {Str+4 Stlth+} (You found it on level 6 of the Pits of Slime)
 81098 | Slime:6  | Got a bloodstained buckler
 81109 | Slime:6  | Identified the cursed -2 buckler of Otatia {MP+9 Str-2 SInv} (You found it on level 6 of the Pits of Slime)
 81164 | Slime:6  | Identified the Catalogue of the Birds and Self-Knowledge
 81169 | Slime:6  | Identified the Catalogue of Conjuration and Cold
 81191 | Slime:6  | Got a pitted scimitar
 81192 | Slime:6  | Identified the +6 scimitar "Cruibb" {elec, rElec rPois rF+ rC++ Str-2} (You found it on level 6 of the Pits of Slime)
 81210 | Slime:6  | Identified Picrian's Papyrus of Damaging Creation
 81214 | Slime:6  | Identified the Almanac of Flying Battle Magic
 81878 | Zig:1    | Entered Level 1 of a ziggurat
 81913 | Zig:2    | Entered Level 2 of a ziggurat
 81934 | Zig:2    | Reached skill level 26 in Slings
 82015 | Zig:3    | Entered Level 3 of a ziggurat
 82044 | Zig:3    | Got a translucent steel ring
 82045 | Zig:3    | Identified the ring "Daeddi Trecw" {-Cast rC++ Str-5 Int+3 Dex+2 SInv} (You found it on level 3 of a ziggurat)
 82060 | Zig:4    | Entered Level 4 of a ziggurat
 82084 | Zig:4    | Reached skill level 15 in Shields
 82260 | Zig:5    | Entered Level 5 of a ziggurat
 82349 | Zig:6    | Entered Level 6 of a ziggurat
 82377 | Zig:6    | Received a gift from Trog
 82463 | Zig:7    | Entered Level 7 of a ziggurat
 82573 | Zig:7    | Reached skill level 27 in Slings
 82590 | Zig:8    | Entered Level 8 of a ziggurat
 82618 | Zig:8    | Received a gift from Trog
 82680 | Zig:9    | Entered Level 9 of a ziggurat
 82692 | Zig:9    | Noticed Heogir the pandemonium lord
 82702 | Zig:9    | Identified a scroll of acquirement
 82708 | Zig:10   | Entered Level 10 of a ziggurat
 82991 | Zig:10   | Noticed an orb of fire
 83016 | Zig:10   | Killed an orb of fire
 83499 | Zot:1    | Entered Level 1 of the Realm of Zot
 83589 | Zot:1    | Noticed an orb of fire
 83594 | Zot:1    | Gained mutation: Armour fits poorly on your strangely shaped body. [an orb of fire]
 83617 | Zot:1    | Killed an orb of fire
 83810 | Zot:1    | Lost mutation: You occasionally shout uncontrollably at your foes. [potion of cure mutation]
 83810 | Zot:1    | Lost mutation: You tend to lose your temper in combat. [potion of cure mutation]
 83810 | Zot:1    | Lost mutation: You passively map a small area around you. [potion of cure mutation]
 83810 | Zot:1    | Lost mutation: Your flesh is heat resistant. [potion of cure mutation]
 83810 | Zot:1    | Lost mutation: You have a pair of horns on your head. [potion of cure mutation]
 83810 | Zot:1    | Lost mutation: Your system is resistant to poisons. [potion of cure mutation]
 83811 | Zot:1    | Lost mutation: You have a pair of small horns on your head. [potion of cure mutation]
 83811 | Zot:1    | Lost mutation: Armour fits poorly on your strangely shaped body. [potion of cure mutation]
 84133 | Zot:1    | Received a gift from Trog
 84386 | Zot:1    | Reached skill level 5 in Stealth
 84505 | Zot:2    | Received a gift from Trog
 85040 | Zot:2    | Got a clouded bronze ring
 85059 | Zot:2    | Identified the ring "Ciysinka" {-Tele +Inv rF+ rN+ Int-5 Stlth-} (You found it on level 2 of the Realm of Zot)
 86359 | Zot:3    | Received a gift from Trog
 86885 | Zot:3    | Received a gift from Trog
 88466 | Zot:4    | Received a gift from Trog
 88649 | Zot:5    | Entered Level 5 of the Realm of Zot
 88731 | Zot:5    | Received a gift from Trog
 88840 | Zot:5    | Noticed an orb of fire
 88843 | Zot:5    | Gained mutation: You are clumsy. (Dex -2) [an orb of fire]
 88865 | Zot:5    | Gained mutation: You are frail (-10% HP). [an orb of fire]
 88870 | Zot:5    | Killed an orb of fire
 89202 | Zot:5    | Received a gift from Trog
 89202 | Zot:5    | Reached skill level 10 in Stealth
 89635 | Zot:5    | Noticed an orb of fire
 89647 | Zot:5    | Noticed an orb of fire
 89656 | Zot:5    | Noticed an orb of fire
 89663 | Zot:5    | Noticed an orb of fire
 89677 | Zot:5    | Killed an orb of fire
 89699 | Zot:5    | Gained mutation: You expend magic power (3 MP) to slightly strengthen your wands. [an orb of fire]
 89708 | Zot:5    | Killed an orb of fire
 89731 | Zot:5    | Killed an orb of fire
 90030 | Zot:4    | Killed an orb of fire
 90352 | Zot:5    | Noticed an ancient lich
 90392 | Zot:5    | Noticed an ancient lich
 90393 | Zot:5    | Killed an ancient lich
 90435 | Zot:5    | Killed an ancient lich
 90824 | Zot:5    | Noticed an orb of fire
 90854 | Zot:5    | Killed an orb of fire
 91318 | Zot:5    | Got the Orb of Zot
 91656 | Zot:3    | Noticed Treig the pandemonium lord
 91683 | Zot:3    | Killed Treig the pandemonium lord
 91719 | Zot:3    | Noticed Jidats the pandemonium lord
 91809 | Zot:2    | Received a gift from Trog
 92203 | Depths:4 | Got a transparent quarterstaff
 92204 | Depths:4 | Identified the +9 quarterstaff of Valiance {speed, *Rage +Rage rElec MR+ MP+9} (You found it on level 4 of the Depths)
 92213 | Depths:4 | Noticed Moanig the pandemonium lord
 92247 | Depths:3 | Noticed Kuug the pandemonium lord
 92262 | Depths:3 | Killed Kuug the pandemonium lord
 92721 | D:12     | Noticed Pylob the pandemonium lord
 93007 | D:6      | Noticed Hyhiug the pandemonium lord
 93010 | D:6      | Received a gift from Trog
 93099 | D:$      | Escaped with the Orb!

Action                   |  1- 3 |  4- 6 |  7- 9 | 10-12 | 13-15 | 16-18 | 19-21 | 22-24 | 25-27 || total
-------------------------+-------+-------+-------+-------+-------+-------+-------+-------+-------++-------
Melee: Falchion          |    90 |   138 |    13 |       |       |       |       |       |       ||   241
       Short sword       |       |       |   517 |    73 |       |   398 |       |    48 |   280 ||  1316
       Rapier            |       |       |       |   656 |    41 |       |       |       |       ||   697
       War axe           |       |       |       |     9 |    42 |       |       |       |       ||    51
       Demon blade       |       |       |       |       |   863 |   323 |  1640 |  1301 |  3936 ||  8063
 Fire: Hunting sling     |       |       |    36 |   389 |  1482 |   307 |       |       |       ||  2214
       Greatsling        |       |       |       |       |       |  1276 |   503 |   777 |   854 ||  3410
Throw: Stone             |       |       |       |     2 |       |       |       |       |       ||     2
       Throwing net      |       |       |       |       |       |     2 |       |       |       ||     2
Invok: Berserk           |     3 |     4 |     7 |    14 |     9 |     6 |    17 |    14 |    23 ||    97
       Trog's Hand       |       |     1 |     2 |     2 |     3 |    10 |     1 |       |     1 ||    20
       Brothers in Arms  |       |       |       |       |       |     1 |       |       |       ||     1
 Abil: Evoke Blink       |       |       |       |       |     2 |       |       |       |       ||     2
Evoke: Wand              |       |       |       |       |    12 |     1 |     3 |     4 |    26 ||    46
       Deck              |       |       |       |       |       |       |     1 |       |       ||     1
       Rod               |       |       |       |       |       |       |       |       |     4 ||     4
       Lamp of fire      |       |       |       |       |       |       |       |       |     2 ||     2
       Phial of floods   |       |       |       |       |       |       |       |       |     2 ||     2
       Stone of tremors  |       |       |       |       |       |       |       |       |     1 ||     1
  Use: Scroll            |     4 |     1 |    10 |    11 |    18 |    25 |    29 |     9 |    53 ||   160
       Potion            |       |       |     2 |     3 |    14 |     6 |    10 |     3 |    43 ||    81
 Stab: Sleeping          |     1 |     1 |     8 |       |       |       |     7 |     1 |    11 ||    29
       Distracted        |       |       |     1 |       |       |     1 |     3 |     1 |     2 ||     8
       Invisible         |       |       |     2 |       |       |       |       |       |       ||     2
  Eat: Chunk             |     3 |     8 |    22 |    31 |    41 |    56 |    56 |    30 |     4 ||   251
       Beef jerky        |       |       |     1 |     3 |     1 |       |     1 |     1 |     8 ||    15
       Fruit             |       |       |       |     3 |     3 |       |       |     4 |     7 ||    17
       Meat ration       |       |       |       |     1 |     2 |     5 |     3 |     2 |     4 ||    17
       Royal jelly       |       |       |       |       |     3 |     1 |     3 |     3 |     2 ||    12
       Pizza             |       |       |       |       |       |     4 |     5 |     5 |     4 ||    18
       Bread ration      |       |       |       |       |       |       |       |     1 |    13 ||    14
